cohdb
Replays
Latest Replays
All Replays
Popular Replays
Top Player Replays
Match Explorer
How It Works
Community
CoH3 Stats
Reddit
Sign in to upload your games and track your stats! →
Sign in with Steam
Match 43018111
Unlisted
Match 43018111
Overview
Messages
Build Orders
End
Construct Infanterie Kompanie
Grenadier Squad
Selects Mechanized Battlegroup
MG 42 Machine Gun Team
Grenadier Squad
GrW 34 Mortar Team
Infanterie Officer Quarters
Pioneer Squad
Medical Bunker
Construct Luftwaffe Kompanie
Jäger Squad
MG 42 Machine Gun Team
GrW 34 Mortar Team
Selects Raid Package
Support Elements
Marder III M Tank Destroyer
Luftwaffe Officer Quarters
Jäger Squad
Medical Bunker
Construct Panzer Kompanie
Selects Spotting Scopes
Selects Wespe Self-propelled Artillery
Wespe Self-propelled Artillery
Stoßtruppen Squad
Pioneer Squad
Panzer Officer Quarters
Repair Bunker
Selects StuG Assault Group
Selects UNKNOWN (2160084)
Panther Heavy Tank
Grenadier Squad
Side Skirts
MG 42 Bunker
Commander Toby
Aherion
Bran
DrewP
0
0
Comments
sign in to comment!
No comments posted yet!